 Dungeon Crawl Stone Soup version 0.27.1-1-g398f81649c (webtiles) character file.

Game seed: 12205919966850760952

69309 Borgoz the Fencer (level 14, -5/115 HPs)
             Began as a Demonspawn Berserker on Sept 20, 2021.
             Was the Champion of Trog.
             Killed from afar by a lindwurm (15 damage)
             ... with a blast of flame
             ... on level 6 of the Lair of Beasts.
             The game lasted 00:38:16 (21531 turns).

Borgoz the Fencer (Demonspawn Berserker)           Turns: 21531, Time: 00:38:17

Health: -5/115     AC: 40    Str: 30    XL:     14   Next: 89%
Magic:  14/14      EV: 11    Int: 11    God:    Trog [******]
Gold:   1675       SH:  5    Dex: 17    Spells: 13/13 levels left

rFire    + . .     SeeInvis +   b - +3 great sword (flame)
rCold    . . .     Faith    .   (shield currently unavailable)
rNeg     . . .     Spirit   .   q - +8 orange crystal plate armour {Archmagi, Int+3 Clar}
rPois    .         Reflect  +   R - +1 hat {SInv}
rElec    .         Harm     .   t - +0 cloak
rCorr    .         Rampage  .   o - +0 pair of gloves
Will     +....     Archmagi +   d - +1 pair of boots Stlth ..........Clarity +
                                D - amulet of reflection
HPRegen  0.29/turn              z - +6 ring of strength
MPRegen  0.14/turn              G - ring "Ucyd" {rF+ Str+7 Stlth+}

@: studying 2 skills
A: antennae 2, slimy green scales 2, powered by death 1, powered by pain 3, weak
1
a: Renounce Religion, Berserk, Trog's Hand, Brothers in Arms


You were on level 6 of the Lair of Beasts.
You worshipped Trog.
Trog was exalted by your worship.
You visited 3 branches of the dungeon, and saw 18 of its levels.
You visited the Abyss 1 time.
You also visited: Ossuary and Bailey.

You collected 1727 gold pieces.
You spent 52 gold pieces at shops.

Inventory:

Hand Weapons
 b - a +3 great sword of flaming (weapon)
Missiles
 v - 4 throwing nets (quivered)
Armour
 d - a +1 pair of boots (worn)
 o - a +0 pair of gloves (worn)
 q - the +8 orange crystal plate armour (worn) {Archmagi, Int+3 Clar}
   (You acquired it on level 1 of the Lair of Beasts)

   Int:       It affects your intelligence (+3).
   Clar:      It protects you against confusion.
 t - a +0 cloak (worn)
 E - a +1 ring mail of cold resistance
 R - a +1 hat of see invisible (worn)
Jewellery
 z - a +6 ring of strength (left hand)
 D - an amulet of reflection (around neck)
 G - the ring "Ucyd" (right hand) {rF+ Str+7 Stlth+}
   (You took it off a wight on level 10 of the Dungeon)

   [ring of protection from fire]

   Str:       It affects your strength (+7).
   rF:        It protects you from fire.
   Stlth:     It makes you more stealthy.
Wands
 l - a wand of acid (22)
 y - a wand of paralysis (24)
 A - a wand of iceblast (22)
 N - a wand of flame (21)
 Q - a wand of mindburst (30)
 X - a wand of digging (3)
Scrolls
 c - 2 scrolls of fear
 p - 10 scrolls of teleportation
 s - 2 scrolls of magic mapping
 F - a scroll of silence
 I - a scroll of blinking
 M - 5 scrolls of identify
 Z - 3 scrolls of fog
Potions
 a - a potion of resistance
 g - 6 potions of heal wounds
 h - 2 potions of attraction
 i - 13 potions of curing
 j - 3 potions of might
 k - 3 potions of flight
 m - 3 potions of mutation
 n - a potion of magic
 u - 3 potions of berserk rage
 x - a potion of lignification
 L - a potion of invisibility
 U - a potion of haste
 W - a potion of cancellation
 Y - 2 potions of ambrosia


   Skills:
 + Level 12.3 Fighting
 * Level 15.2 Long Blades
 + Level 14.1 Armour
 + Level 11.2 Dodging


You had 13 spell levels left.
You didn't know any spells.
Your spell library was empty.

Dungeon Overview and Level Annotations

Branches:
Dungeon (11/15)            Temple (1/1) D:7            Lair (6/6) D:11
 Shoals (0/4) Lair:3       Spider (0/4) Lair:3        Slime (0/5) Lair:5
    Orc (0/2) D:10        Ossuary (visited)          Bailey (visited)

Altars:
Ashenzari
Cheibriados
Dithmenos
Elyvilon
Fedhas
Gozag
Hepliaklqana
Kikubaaqudgha
Makhleb
Nemelex Xobeh
Okawaru
Qazlal
Ru
Sif Muna
Trog
Uskayaw
Vehumet
Wu Jian
Xom
Yredelemnul
Zin
The Shining One
Jiyva
Lugonu

Shops:
D:11 *

Portals:
Trove: D:10 (give 15 scrolls of teleportation)


Innate Abilities, Weirdness & Mutations

You have a pair of antennae on your head.
You are mostly covered in slimy green scales. (AC +3)
You regenerate a little health from kills.
You are powered by pain.
You are weak. (Str -2)


Message History

You barely miss the cane toad.
The cane toad is heavily wounded.
You feel very sick. The cane toad barely misses you.
The lindwurm barely misses you. The lindwurm closely misses you.
The lindwurm misses you.
You closely miss the cane toad.
The cane toad is heavily wounded.
You feel sick. The cane toad closely misses you.
You riposte.
You hit the cane toad. You burn the cane toad.
The cane toad is heavily wounded.
You block the lindwurm's attack.
The lindwurm claws you but does no damage. x2
You slice the cane toad!! You burn the cane toad.
You kill the cane toad!
Trog accepts your kill.
You feel sick. The lindwurm breathes flames at you.
The blast of flame hits you! You resist.
* * * LOW HITPOINT WARNING * * *
You feel sick.
The lindwurm bites you but does no damage.
The lindwurm claws you but does no damage.
The lindwurm misses you.
Things that are here:
a basilisk corpse; a black mamba corpse You barely miss the lindwurm.
The lindwurm is moderately wounded.
You feel sick. The lindwurm bites you.
* * * LOW HITPOINT WARNING * * *
The lindwurm barely misses you. The lindwurm misses you.
You slash the lindwurm! You burn the lindwurm.
The lindwurm is heavily wounded.
You feel sick. The lindwurm breathes flames at you.
The blast of flame hits you. You resist.
* * * LOW HITPOINT WARNING * * *
You feel better. The lindwurm breathes flames at you.
The blast of flame hits you! You resist.
You die...

.#.# ..# .....
#... ...8..
.#.... ......
... ......
.8...8 ...
...... #......
...
......##....8..
.#. .. ...
#.........
...## . ....
#.@k###.##
.....###
....##....."...
#.......
##..+.8........
#....<
#...#...#......
##.#..
##..#.##......
##. #.....#
.#..#. #.
##....#######
## ##......# #
#......##
###### #


You could see a lindwurm (catching breath).

Vanquished Creatures
  Gastronok (Lair:2)
  A deep elf sorcerer (D:11)
  A deep elf demonologist (D:11)
  6 hydras
  Harold (D:7)
  2 boulder beetles
  The ghost of PeterMcNeter the Grappler, a journeyman DrTm of Hepliaklqana (D:11)
  2 ogre magi
  2 centaur warriors
  5 two-headed ogres
  A dancing weapon (D:8)
  A tengu warrior (D:11)
  5 death yaks (Lair:2)
  The ghost of Zleub the Blocker, a novice MiFi of the Shining One (D:8)
  A wizard (D:11)
  6 deep elf pyromancers (D:11)
  2 deep elf zephyrmancers (D:11)
  An orc knight (Bailey)
  2 oklob plants (Lair:5)
  5 cyclopes
  A moth of wrath (D:11)
  The ghost of sobakacece the Covert, a novice OpEE of Hepliaklqana (D:5)
  Joseph (D:10)
  6 black mambas
  12 cane toads
  Maggie (D:8)
  A smoke demon (Abyss:3)
  2 unseen horrors
  7 komodo dragons
  Psyche (D:10)
  3 rime drakes
  A komodo dragon (shapeshifter) (D:11)
  6 tengu conjurers (D:11)
  5 kobold demonologists
  6 trolls
  An ancient zyme (Abyss:3)
  Prince Ribbit (D:9)
  A polar bear (shapeshifter) (D:11)
  A hornet (D:10)
  A slime creature (D:10)
  6 polar bears
  19 blink frogs
  6 dream sheep (Lair:5)
  3 redbacks (Lair:3)
  A snapping turtle (Lair:3)
  5 wraiths
  7 wyverns
  A spriggan (Lair:5)
  A ynoxinul (Abyss:3)
  6 basilisks
  47 yaks
  5 vampire mosquitoes (D:11)
  A chaos spawn (Abyss:3)
  Menkaure (Ossuary)
  An acid dragon (D:11)
  12 water moccasins
  Duvessa (D:7)
  A hornet zombie (D:8)
  14 orc warriors
  3 black bears
  3 sky beasts
  A necrophage (D:4)
  An ogre (D:5)
  6 wolves
  6 centaurs
  4 kobold brigands
  A gnoll sergeant (D:10)
  19 bullfrogs
  2 wyvern zombies (D:7)
  4 scorpions
  8 killer bees
  Dowan (D:7)
  5 howler monkeys
  11 wights
  5 electric eels
  6 centaur zombies
  A starcursed mass (D:11)
  2 centaur skeletons
  6 orc priests
  3 hounds
  2 jellies (Lair:5)
  A bullfrog skeleton (D:4)
  3 iguanas
  11 orc wizards
  A statue (D:7)
  3 mummies (Ossuary)
  14 gnolls
  A howler monkey skeleton (D:6)
  7 adders
  3 shadow imps
  2 white imps
  3 ufetubi
  A worm zombie (D:7)
  An adder skeleton (D:4)
  2 worms
  A dart slug (D:4)
  43 orcs
  12 endoplasms
  4 giant cockroaches
  5 gnoll zombies (Ossuary)
  11 goblins
  5 hobgoblins
  30 kobolds
  5 quokkas
  10 ball pythons
  8 bats
  5 frilled lizards
  3 gnoll skeletons (Ossuary)
  6 goblin skeletons (Ossuary)
  2 hobgoblin skeletons (Ossuary)
  6 hobgoblin zombies (Ossuary)
  5 kobold skeletons (Ossuary)
  2 kobold zombies (Ossuary)
  4 orc skeletons (Ossuary)
  7 orc zombies (Ossuary)
  3 rats
  5 rat skeletons (Ossuary)
  7 rat zombies
586 creatures vanquished.

Vanquished Creatures (others)
  11 fungi
  22 plants
  2 starspawn tentacles (Abyss:3)
35 creatures vanquished.

Grand Total: 621 creatures vanquished

Notes
Turn   | Place    | Note
-------+----------+-------------------------------------------
     0 | D:1      | Borgoz the Demonspawn Berserker began the quest for the
                  | Orb.
     0 | D:1      | Reached XP level 1. HP: 18/18 MP: 1/1
   336 | D:1      | Gained mutation: You are partially covered in slimy green
                  | scales. (AC +2) [demonic ancestry]
   336 | D:1      | Reached XP level 2. HP: 24/24 MP: 2/2
   343 | D:1      | Reached skill level 3 in Long Blades
   819 | D:2      | Reached ** piety under Trog
   960 | D:2      | Reached XP level 3. HP: 29/29 MP: 3/3
  1244 | D:2      | Found a faded altar of an unknown god.
  1663 | D:3      | Gained mutation: You regenerate a little health from kills.
                  | [demonic ancestry]
  1663 | D:3      | Reached XP level 4. HP: 34/35 MP: 4/4
  2129 | D:3      | Gained mutation: You are mostly covered in slimy green
                  | scales. (AC +3) [demonic ancestry]
  2129 | D:3      | Reached XP level 5. HP: 8/42 MP: 5/5
  2720 | D:4      | Noticed a necrophage
  2731 | D:4      | Killed a necrophage
  2732 | D:4      | Reached skill level 4 in Long Blades
  2810 | D:4      | Gained mutation: You sometimes gain a little power by
                  | taking damage. [demonic ancestry]
  2810 | D:4      | Reached XP level 6. HP: 35/48 MP: 6/6
  2957 | D:4      | Found an ornate altar of the Wu Jian Council.
  3355 | D:4      | Reached *** piety under Trog
  3440 | D:4      | Found an opulent altar of Gozag.
  3782 | D:5      | Entered Level 5 of the Dungeon
  3809 | D:5      | Found a runed translucent gate.
  3809 | D:5      | Found a runed translucent gate.
  3809 | D:5      | Found a runed translucent gate.
  3811 | D:5      | Noticed sobakacece's ghost (novice OpEE)
  3823 | D:5      | Killed sobakacece's ghost
  3824 | D:5      | Reached skill level 5 in Long Blades
  3824 | D:5      | Gained mutation: You sometimes gain power by taking damage.
                  | [demonic ancestry]
  3824 | D:5      | Reached XP level 7. HP: 55/55 MP: 7/7
  4208 | D:5      | Reached skill level 5 in Fighting
  4406 | D:5      | Reached skill level 6 in Long Blades
  4411 | D:5      | Reached XP level 8. HP: 62/62 MP: 8/8
  5044 | D:6      | Reached **** piety under Trog
  5445 | D:6      | Reached skill level 7 in Long Blades
  5897 | D:6      | Reached skill level 5 in Armour
  5969 | D:7      | Identified a scroll of acquirement
  5969 | D:7      | Acquired a manual of Armour
  5969 | D:7      | Found a sand-covered staircase.
  5976 | D:7      | Reached skill level 5 in Dodging
  6013 | Ossuary  | Entered an ossuary
  6124 | Ossuary  | Gained mutation: You have a pair of small antennae on your
                  | head. [demonic ancestry]
  6124 | Ossuary  | Reached XP level 9. HP: 69/69 MP: 9/9
  6127 | Ossuary  | Reached ***** piety under Trog
  6282 | Ossuary  | Noticed Menkaure
  6298 | Ossuary  | Killed Menkaure
  6413 | D:7      | Noticed Harold
  6438 | D:7      | Killed Harold
  6439 | D:7      | Reached skill level 8 in Long Blades
  6449 | D:7      | Found a flagged portal.
  6503 | Bailey   | Entered a bailey
  6521 | Bailey   | Noticed an orc knight
  6695 | Bailey   | Identified the +5 scale mail "Ciudghou" {Str+7}
  6740 | Bailey   | Received a gift from Trog
  6778 | Bailey   | Killed an orc knight
  6807 | Bailey   | Reached XP level 10. HP: 28/79 MP: 10/10
  7126 | D:7      | Found a radiant altar of Vehumet.
  7135 | D:7      | Reached skill level 9 in Long Blades
  7185 | D:7      | Found a shadowy altar of Dithmenos.
  7185 | D:7      | Found a staircase to the Ecumenical Temple.
  7203 | D:7      | Identified the +9 dagger of Shame {speed, rC+}
  7203 | D:7      | Noticed Dowan
  7203 | D:7      | Noticed Duvessa
  7212 | D:7      | Killed Dowan
  7219 | D:7      | Killed Duvessa
  7243 | Temple   | Entered the Ecumenical Temple
  7494 | D:7      | Found a sacrificial altar of Ru.
  8005 | D:8      | Found a transporter.
  8168 | D:8      | Found a transporter.
  8262 | D:8      | Found a shimmering blue altar of Sif Muna.
  8326 | D:8      | Noticed Maggie
  8342 | D:8      | Killed Maggie
  8431 | D:8      | Found a snail-covered altar of Cheibriados.
  8431 | D:8      | Found a stormy altar of Qazlal.
  8460 | D:8      | Found a runed translucent door.
  8460 | D:8      | Found a shimmering altar of Xom.
  8460 | D:8      | Noticed Zleub's ghost (novice MiFi)
  8460 | D:8      | Noticed a +1 spear of chaos
  8771 | D:9      | Reached skill level 10 in Long Blades
  9003 | D:9      | Gained mutation: You are weak. (Str -2) [a neqoxec]
  9010 | D:9      | Noticed an orange demon
  9016 | D:9      | Gained mutation: You are powered by pain. [demonic
                  | ancestry]
  9016 | D:9      | Reached XP level 11. HP: 43/86 MP: 11/11
  9249 | D:9      | Found a transporter.
  9251 | D:9      | Found a transporter.
  9252 | D:9      | Noticed a boulder beetle
  9400 | D:9      | Noticed a two-headed ogre
  9409 | D:9      | Killed a two-headed ogre
  9415 | D:9      | Noticed Prince Ribbit
  9422 | D:9      | Killed Prince Ribbit
  9632 | D:9      | Received a gift from Trog
  9768 | D:10     | Entered Level 10 of the Dungeon
  9828 | D:10     | Found a blossoming altar of Fedhas.
  9862 | D:10     | Noticed Joseph
  9873 | D:10     | Killed Joseph
 10037 | D:10     | Identified the ring of Ahaa {Fire +Blink Str+3}
 10037 | D:10     | Identified the ring "Ucyd" {rF+ Str+7 Stlth+}
 10200 | D:10     | Noticed a centaur warrior
 10203 | D:10     | Noticed a two-headed ogre
 10204 | D:10     | Noticed an ogre mage
 10210 | D:10     | Killed a centaur warrior
 10216 | D:10     | Killed a two-headed ogre
 10217 | D:10     | Reached skill level 11 in Long Blades
 10226 | D:10     | Paralysed by something for 6 turns
 10237 | D:10     | Killed an ogre mage
 10559 | D:10     | Found a staircase to the Orcish Mines.
 10614 | D:10     | Noticed Psyche
 10629 | D:10     | Killed Psyche
 11113 | D:10     | Reached XP level 12. HP: 35/96 MP: 12/12
 11480 | D:10     | Reached skill level 10 in Armour
 11738 | D:10     | Found a portal to a secret trove of treasure.
 11795 | D:10     | Found an iron altar of Okawaru.
 11797 | D:10     | Found an ancient bone altar of Kikubaaqudgha.
 11956 | D:10     | Found a hide-covered altar of Uskayaw.
 12415 | D:11     | Found Asefiaziop's Assorted Antiques.
 12418 | D:11     | Bought a scroll of identify for 52 gold pieces
 12433 | D:11     | Reached skill level 12 in Long Blades
 12445 | D:11     | Received a gift from Trog
 12469 | D:11     | Found a staircase to the Lair.
 12700 | D:11     | Noticed PeterMcNeter's ghost (journeyman DrTm)
 12709 | D:11     | Found a bloodstained altar of Trog.
 12718 | D:11     | Found a transporter.
 12722 | D:11     | Found a transporter.
 12737 | D:11     | Noticed a tengu warrior
 12763 | D:11     | Noticed a two-headed ogre
 13043 | D:11     | Noticed a two-headed ogre
 13049 | D:11     | Killed a two-headed ogre
 13056 | D:11     | Noticed a centaur warrior
 13056 | D:11     | Noticed a boulder beetle
 13056 | D:11     | Noticed a six-headed hydra
 13060 | D:11     | Noticed a two-headed ogre
 13061 | D:11     | Reached skill level 10 in Fighting
 13065 | D:11     | Killed a three-headed hydra
 13067 | D:11     | Killed a centaur warrior
 13069 | D:11     | Killed a two-headed ogre
 13074 | D:11     | Killed a boulder beetle
 13075 | D:11     | Noticed a five-headed hydra
 13084 | D:11     | Killed a one-headed hydra
 13597 | D:11     | Reached XP level 13. HP: 98/104 MP: 13/13
 13598 | D:11     | Reached skill level 13 in Long Blades
 13650 | D:11     | Found a shimmering blue altar of Sif Muna.
 14051 | D:11     | Noticed a deep elf demonologist
 14053 | D:11     | Noticed a deep elf sorcerer
 14054 | D:11     | Cast into level 3 of the Abyss (a deep elf sorcerer)
 14172 | Abyss:3  | Found an ornate altar of the Wu Jian Council.
 14172 | Abyss:3  | Noticed a starcursed mass
 14191 | Abyss:3  | Noticed a tentacled starspawn
 14202 | D:11     | Escaped the Abyss
 14208 | D:11     | Killed a deep elf demonologist
 14210 | D:11     | Killed a deep elf sorcerer
 14430 | D:11     | Reached ****** piety under Trog
 14592 | D:11     | Identified the +6 great mace of Kifoorast {freeze, rElec
                  | rC+ Str+3}
 14724 | D:11     | Killed PeterMcNeter's ghost
 14725 | D:11     | Reached skill level 10 in Dodging
 15166 | D:8      | Killed Zleub's ghost
 15374 | Lair:1   | Entered Level 1 of the Lair of Beasts
 15493 | Lair:1   | Acquired the +8 orange crystal plate armour {Archmagi,
                  | Int+3 Clar}
 15493 | Lair:1   | Found the +8 orange crystal plate armour {Archmagi, Int+3
                  | Clar}
 15727 | Lair:1   | Reached skill level 14 in Long Blades
 16216 | Lair:2   | Received a gift from Trog
 16513 | Lair:2   | Gained mutation: You have a pair of antennae on your head.
                  | [demonic ancestry]
 16513 | Lair:2   | Reached XP level 14. HP: 75/113 MP: 14/14
 16796 | Lair:2   | Identified the +10 quarterstaff "Voasch" {vorpal, Drain
                  | rPois rN+ Dex+4}
 16844 | Lair:2   | You fall into a shaft and drop 1 floor!
 17000 | Lair:3   | Found a staircase to the Shoals.
 17615 | Lair:2   | Noticed Gastronok
 17626 | Lair:2   | Killed Gastronok
 17847 | Lair:3   | Identified the +0 robe of Juyhuveh {rN+ Regen+ Stlth+}
 17950 | Lair:1   | Identified the +1 scale mail of Luniun {Str+4 Int-4}
 18072 | Lair:3   | Found a hole to the Spider Nest.
 18606 | Lair:4   | Identified the +7 falchion "Coetif" {vorpal, Will+} (Trog
                  | gifted it to you on level 4 of the Lair of Beasts)
 18606 | Lair:4   | Received a gift from Trog
 19652 | Lair:5   | Found the brooch of Shielding {Spirit SH+8}
 20222 | Lair:5   | Found a runed translucent door.
 20223 | Lair:5   | Found a viscous altar of Jiyva.
 20239 | Lair:5   | Reached skill level 15 in Long Blades
 20568 | Lair:5   | Found a staircase to the Slime Pits.
 21193 | Lair:6   | Entered Level 6 of the Lair of Beasts
 21530 | Lair:6   | HP: 4/115 [lindwurm/blast of flame (3)]
 21531 | Lair:6   | Killed from afar by a lindwurm

Illustrated notes

Levels and vault maps discovered:
D:1:      grunt_arrival_lava_bath, layout_rooms
D:2:      layout_rooms, hellmonk_ecumenical_altar_pennies_from_heaven
D:3:      layout_loops_ring
D:4:      layout_rooms, mainiacjoe_overflow_concentric_impassable,
          mainiacjoe_overflow_tiny_flanked, chequers_big_river,
          minmay_stone_trees_small
D:5:      layout_cave_pods, ebering_ghost_rock_garden
D:6:      layout_basic
D:7:      layout_rooms, vehumet_statue, lemuel_doored_altar,
          nicolae_ru_path_of_blood, minmay_temple_entry_junction_2,
          enter_bailey_5, enter_ossuary_3, uniq_harold, uniq_duvessa
D:8:      gammafunk_steamed_eel, layout_rooms, lemuel_tele_altar,
          gammafunk_temple_overflow_pools, ebering_ghost_xom, uniq_maggie
D:9:      gammafunk_boulding_lane, layout_rooms, special_room
          [special_room_orc], hex_intersection, bh_walls_and_bars,
          uniq_prince_ribbit1
D:10:     hangedman_cross_cluster, layout_loops_corners,
          nicolae_uskayaw_dance_studio, mainiacjoe_overflow_swirl,
          nicolae_overflow_hidden_temple, orc_0_dummy, enter_trove_2,
          uniq_joseph, uniq_psyche
D:11:     evilmike_library_of_no_secrets, layout_small_grid,
          grunt_lair_entry_orc_guard_hut, serial_shops, kennysheep_mini_moat,
          gammafunk_ghost_wrathful_warriors, nrook_loot_triangle,
          kennysheep_kite_vault
Temple:   corrupted_temple
Lair:1:   layout_regular_city
Lair:2:   layout_cellular_growth, uniq_gastronok
Lair:3:   layout_concentric_octagons, minmay_shoals_entry_hut,
          spider_nest_entry_webs, grunt_megastairs_2
Lair:4:   layout_layer_cave, grunt_megastairs_1
Lair:5:   layout_roguey, slime_altar_2, grunt_forest_stairs_clearing,
          serial_bayou_shore_a, serial_bayou_shore_b, minmay_lair_oklob_chamber
Lair:6:   grunt_lair_end_beastmaster, layout_big_grid,
          nicolae_lair_grove_arrangements, grunt_megastairs_4

Skill      XL: |  1  2  3  4  5  6  7  8  9 10 11 12 13 14 |
---------------+-------------------------------------------+-----
Long Blades    | 3 4 5 6 7 8 10 11 12 14 15 | 15.2
Armour         | 2 3 4 5 6 8 9 11 12 14 | 14.1
Dodging        | 2 3 4 5 6 7 8 9 10 11 | 11.2
Fighting       | 4 5 6 7 8 9 10 11 12 | 12.3

Action                   |  1- 3 |  4- 6 |  7- 9 | 10-12 | 13-15 || total
-------------------------+-------+-------+-------+-------+-------++-------
Melee: Falchion          |   121 |   151 |   577 |    11 |       ||   860
       Great sword       |       |       |       |   576 |   596 ||  1172
       Unarmed           |       |       |       |     9 |       ||     9
Throw: Throwing net      |       |       |       |     1 |       ||     1
Invok: Berserk           |     1 |     3 |    11 |     8 |     7 ||    30
       Trog's Hand       |       |       |     5 |     3 |     4 ||    12
Evoke: Wand              |       |       |     4 |       |       ||     4
  Use: Scroll            |       |     4 |    10 |    11 |     7 ||    32
       Potion            |       |       |     4 |     2 |     2 ||     8
 Stab: Sleeping          |     2 |       |       |       |     1 ||     3
       Paralysed         |       |       |     8 |       |       ||     8
       Invisible         |       |       |       |     7 |       ||     7
Armor: Animal skin       |    19 |       |       |       |       ||    19
       Ring mail         |    17 |    64 |   100 |       |       ||   181
       Chain mail        |       |       |   233 |       |       ||   233
       Scale mail        |       |       |    23 |   490 |    61 ||   574
       Skin              |       |       |       |     4 |       ||     4
       Crystal plate arm |       |       |       |       |   424 ||   424
Dodge: Dodged            |    80 |    88 |   376 |   617 |   361 ||  1522
Block: Other             |       |       |       |   154 |   128 ||   282
       Reflection        |       |       |       |     2 |       ||     2
       Rpst.: Falchion   |    23 |    28 |    94 |     1 |       ||   146
       Great sword       |       |       |       |   144 |    95 ||   239
